 Dungeon Sprint DCSS version 0.26-a0-846-gcc8f1ee719 (webtiles) character file.

Game seed: 2216739605398940724

1433 rocky1 the Geomancer (level 8, -4/41 HPs)
             Began as a Gargoyle Earth Elementalist on Nov 20, 2020.
             Was a High Priest of Sif Muna.
             Slain by an orc warrior
             ... wielding a +0 trident
              (10 damage)
             ... in the Dungeon (Sprint VII: "The Pits").
             The game lasted 00:04:40 (990 turns).

rocky1 the Geomancer (Gargoyle Earth Elementalist)   Turns: 990, Time: 00:04:41

Health: -4/41      AC:  7    Str: 12    XL:     8   Next: 73%
Magic:  5/19       EV: 12    Int: 18    God:    Sif Muna [*****.]
Gold:   0          SH:  0    Dex: 10    Spells: 9/22 levels left

rFire    . . .     SeeInvis .   n - +2 mace (protect)
rCold    . . .     Faith    .   (no shield)
rNeg     + . .     Spirit   .   c - +0 robe
rPois    ∞         Reflect  .   (no helmet)
rElec    +         Harm     .   (no cloak)
rCorr    .         Rampage  .   (no gloves)
MR       .....     NoTele   +   (no boots)
Stlth    ++........             (no amulet)
HPRegen  0.13/turn              (no ring)
MPRegen  0.16/turn              (no ring)

@: no status effects
A: negative energy resistance 1, electricity resistance, unbreathing,
petrification resistance, rot immunity, AC +5
a: Channel Magic, Forget Spell, Divine Exegesis, Renounce Religion


You were in the Dungeon.
You worshipped Sif Muna.
Sif Muna was extremely pleased with you.
You visited 1 branch

Inventory:

Hand Weapons
 n - a +2 mace of protection (weapon)
Missiles
 b - 26 stones (quivered)
Armour
 c - a +0 robe (worn)
Scrolls
 i - a scroll of blinking
 j - 3 scrolls of remove curse
 k - 5 scrolls of amnesia
 l - a scroll of summoning
Potions
 a - 2 potions of invisibility
 d - 6 potions of curing
 e - 6 potions of heal wounds
 f - a potion of haste
 g - 3 potions of magic
 h - 3 potions of berserk rage


   Skills:
 - Level 1.5 Dodging
 - Level 2.1 Stealth
 + Level 7.7 Spellcasting
 + Level 8.8 Conjurations
 + Level 5.8 Transmutations
 + Level 14.3 Earth Magic
 + Level 5.8 Invocations


You had 9 spell levels left.
You knew the following spells:

 Your Spells              Type           Power        Failure   Level
a - Sandblast             Erth           ######       1%          1
b - Stone Arrow           Conj/Erth      #####.       1%          3
c - Petrify               Tmut/Erth      #####...     1%          4
d - Lee's Rapid Deconstr  Erth           ######....   1%          5

Your spell library contained the following spells:

 Spells                   Type           Power        Failure   Level
 Passwall                 Tmut/Erth      #####...     1%          2
 Wereblood                Tmut           ####....     1%          2
 Borgnjor's Vile Clutch   Necr/Erth      ####......   14%         5
 Vampiric Draining        Necr           #.........   30%         3
 Infestation              Necr           #.........   100%        8


Dungeon Overview and Level Annotations

Branches:
Dungeon (1/1)

Altars:
Ashenzari
Cheibriados
Dithmenos
Elyvilon
Fedhas
Gozag
Hepliaklqana
Kikubaaqudgha
Makhleb
Nemelex Xobeh
Okawaru
Qazlal
Ru
Sif Muna
Trog
Uskayaw
Vehumet
Wu Jian
Xom
Yredelemnul
Zin
The Shining One
Beogh
Jiyva
Lugonu


Innate Abilities, Weirdness & Mutations

You are resistant to torment.
Your stone body is resilient. (AC +5)
You are immune to poison.
You resist negative energy. (rN+)
You are resistant to electric shocks. (rElec)
You can survive without breathing.
You are immune to petrification.
You are immune to rotting.


Message History

The sea snake is heavily wounded.
The orc warrior completely misses you.
The orc wizard mumbles some strange words.
The orc wizard seems to speed up.
The sea snake bites you!
The orc warrior hits you from afar with a +0 trident!!
* * * LOW HITPOINT WARNING * * *
Casting: Lee's Rapid Deconstruction (dangerous; 1% risk of failure)
Confirm with . or Enter, or press ? or * to list all spells.
Aiming: Lee's Rapid Deconstruction (dangerous; 1% risk of failure)
Press: ? - help, Dir - move target cursor A metal wall.
The metal wall shatters!
The blast of metal fragments hits the orc warrior!
The orc warrior is almost dead.
The blast of metal fragments hits the sea snake!!!
You kill the sea snake!
Sif Muna accepts your kill.
The orc warrior hits you from afar with a +0 trident!
You die...

#†#........##.......#
#.#........##.......#
#÷###########.......#
#.......#..##########
#.......#†# ####
#...#...#)#....#
#..###..#'#o...#
#...#...#.†o...+
#.......#@#...S#
#.......'†# ...#
########### ###


You could see an orc warrior and an orc wizard (fast).

Vanquished Creatures
  A sea snake (D)
  Prince Ribbit (D)
  A flying skull (D)
  A water moccasin (D)
  2 floating eyes (D)
  A black bear (D)
  A necrophage (D)
  A phantom (D)
  4 wolves (D)
  A bullfrog (D)
  A wight (D)
  A quasit (D)
  An iguana (D)
  An adder (D)
  An ooze (D)
  A leopard gecko (D)
  An orc (D)
  2 bats (D)
  A giant cockroach (D)
  A goblin (D)
  2 jackals (D)
  A quokka (D)
28 creatures vanquished.

Notes
Turn   | Place    | Note
-------+----------+-------------------------------------------
     0 | D        | rocky1 the Gargoyle Earth Elementalist began the quest for
                  | the Orb.
     0 | D        | Reached XP level 1. HP: 10/10 MP: 3/3
    15 | D        | Reached skill level 5 in Earth Magic
    45 | D        | Found a bloodstained altar of Trog.
    45 | D        | Found a shimmering blue altar of Sif Muna.
    45 | D        | Found a viscous altar of Jiyva.
    45 | D        | Found a hazy altar of Hepliaklqana.
    45 | D        | Found an opulent altar of Gozag.
    46 | D        | Found a glowing golden altar of the Shining One.
    46 | D        | Found a glowing silver altar of Zin.
    46 | D        | Found a basalt altar of Yredelemnul.
    46 | D        | Found a shimmering altar of Xom.
    46 | D        | Found an ornate altar of the Wu Jian Council.
    46 | D        | Found a sacrificial altar of Ru.
    46 | D        | Found a stormy altar of Qazlal.
    46 | D        | Found an iron altar of Okawaru.
    46 | D        | Found a sparkling altar of Nemelex Xobeh.
    46 | D        | Found a burning altar of Makhleb.
    46 | D        | Found a blossoming altar of Fedhas.
    46 | D        | Found a white marble altar of Elyvilon.
    46 | D        | Found a shadowy altar of Dithmenos.
    46 | D        | Found a snail-covered altar of Cheibriados.
    49 | D        | Found a corrupted altar of Lugonu.
    49 | D        | Found a radiant altar of Vehumet.
    49 | D        | Found a roughly hewn altar of Beogh.
    50 | D        | Found an ancient bone altar of Kikubaaqudgha.
    50 | D        | Found a hide-covered altar of Uskayaw.
    50 | D        | Found a broken altar of Ashenzari.
    51 | D        | Became a worshipper of Sif Muna the Loreminder
   162 | D        | Noticed a floating eye
   164 | D        | Paralysed by a floating eye for 2 turns
   169 | D        | Killed a floating eye
   170 | D        | Reached skill level 11 in Earth Magic
   170 | D        | Reached XP level 2. HP: 15/15 MP: 3/5
   170 | D        | Reached XP level 3. HP: 19/19 MP: 3/6
   170 | D        | Reached XP level 4. HP: 24/24 MP: 3/7
   311 | D        | Learned a level 3 spell: Stone Arrow
   312 | D        | Reached * piety under Sif Muna
   318 | D        | Noticed a floating eye
   321 | D        | Paralysed by a floating eye for 4 turns
   326 | D        | Paralysed by a floating eye for 4 turns
   330 | D        | Killed a floating eye
   331 | D        | Reached skill level 12 in Earth Magic
   331 | D        | Reached XP level 5. HP: 28/28 MP: 7/11
   369 | D        | Learned a level 4 spell: Petrify
   380 | D        | Noticed a water moccasin
   386 | D        | Reached ** piety under Sif Muna
   404 | D        | Killed a water moccasin
   405 | D        | Reached skill level 5 in Spellcasting
   405 | D        | Reached skill level 5 in Conjurations
   405 | D        | Reached XP level 6. HP: 12/32 MP: 1/13
   405 | D        | Reached *** piety under Sif Muna
   655 | D        | Learned a level 5 spell: Lee's Rapid Deconstruction
   669 | D        | Noticed a black bear
   670 | D        | Noticed Prince Ribbit
   670 | D        | Noticed a necrophage
   670 | D        | Noticed a phantom
   673 | D        | Killed a black bear
   674 | D        | Reached skill level 13 in Earth Magic
   675 | D        | Reached XP level 7. HP: 36/36 MP: 3/15
   679 | D        | Reached skill level 1 in Invocations
   679 | D        | Reached **** piety under Sif Muna
   690 | D        | Killed Prince Ribbit
   900 | D        | Reached XP level 8. HP: 41/41 MP: 15/18
   902 | D        | Noticed a flying skull
   903 | D        | Reached ***** piety under Sif Muna
   904 | D        | Reached skill level 5 in Transmutations
   904 | D        | Killed a flying skull
   904 | D        | Identified Sif Muna's Reference Book on Dark Transmigration
                  | (Sif Muna gifted it to you in the Dungeon)
   904 | D        | Received a gift from Sif Muna
   905 | D        | Reached skill level 14 in Earth Magic
   905 | D        | Reached skill level 5 in Invocations
   984 | D        | Noticed a sea snake
   990 | D        | Killed a sea snake
   990 | D        | Slain by an orc warrior

Illustrated notes

Levels and vault maps discovered:
D:        pitsprint [storerooms_1, entrance_room_1, metal_vault_7, armoury_1,
          mini_pit_1, grid_room_1, main_hall_1, silver_pit, the_coven_1,
          the_vestibule_1, steel_vault_4, golden_pit, hallway_of_sentries,
          crystal_vault_3, iron_vault_2, final_vault]

Skill      XL: |  1  2  3  4  5  6  7  8 |
---------------+-------------------------+-----
Earth Magic    | 11 12 13 14 | 14.3
Spellcasting   | 4 5 6 7 |  7.7
Conjurations   | 4 5 6 7 8 |  8.8
Transmutations | 2 3 4 5 |  5.8
Invocations    | 4 5 |  5.8
Dodging        | |  1.5
Stealth        | |  2.1

Action                   |  1- 3 |  4- 6 |  7- 9 || total
-------------------------+-------+-------+-------++-------
Melee: Mace              |     4 |    20 |     1 ||    25
 Cast: Sandblast         |     4 |     3 |     7 ||    14
       Stone Arrow       |       |     3 |     1 ||     4
       Lee's Rapid Decon |       |     2 |     6 ||     8
Invok: Channel Magic     |       |       |     1 ||     1
  Use: Potion            |       |       |     1 ||     1
Armor: Robe              |     2 |     6 |     1 ||     9
Dodge: Dodged            |       |    10 |     4 ||    14

Table legend: (Time is in decaauts)
 A = Elapsed time spent in this place.
 B = Non-inter-level travel time spent in this place.
 C = Inter-level travel time spent in this place.
 D = Time resting spent in this place.
 E = Time spent auto-exploring this place.
 F = Levels seen in this place.
 G = Mean time per level.
                   A        B        C        D        E       F      G
               +--------+--------+--------+--------+--------+-----+--------+
         Total |    999 |    999 |      0 |    714 |      0 |   1 |  999.0 |
       Dungeon |    999 |    999 |      0 |    714 |      0 |   1 |  999.0 |
               +--------+--------+--------+--------+--------+-----+--------+

Top non-repeatable levels by time:
       D: 999 daAuts
